 Dungeon Crawl Stone Soup version 0.31.0-1-g2c135a0 (webtiles) character file.

Game seed: 608371592885766223

149843 bonscott the Eclecticist (level 17, -26/190 HPs)
             Began as a Djinni Conjurer on Mar 12, 2024.
             Was the Champion of Makhleb.
             Annihilated by a broodmother (43 damage)
             ... on level 3 of the Spider Nest on Mar 14, 2024.
             The game lasted 04:47:21 (25286 turns).

bonscott the Eclecticist (Djinni Conjurer)         Turns: 25286, Time: 04:47:22

Health: -26/190    AC: 31    Str: 18    XL:     17   Next: 89%
Gold:   1901       EV:  2    Int: 21    God:    Makhleb [******] SH: 12 Dex: 13

rFire   . . .        b - +7 whip of Ygir Iwe {flame, rElec rC+}
rCold   + . .        R - +0 kite shield {AC+3}
rNeg    . . .        Q - melded +1 robe of Vines {NoPotionHeal Regen++++}
rPois   ∞            l - melded +0 helmet
rElec   +            q - melded +1 cloak {Will+}
rCorr   .            o - melded +4 pair of gloves of the Apprentice {rPois rF+ rN+ Str+3}
SInv    +            (boots unavailable)
Will    ++...        (no amulet)
Stlth   ++           V - +6 ring of strength
HPRegen 0.51/turn    X - ring of see invisible
MPRegen 0.00/turn

%: infuse magic (-27 HP)
@: tree-form, studying Polearms
A: stationary, stasis, torment immunity, boosted hp, sickness immunity, (fire
resistance 2), (cold vulnerability 1), float, innate caster, HP casting, extra
vitality 1, strong-willed 1, robust 1
a: Renounce Religion, Minor Destruction, Lesser Servant of Makhleb, Major
Destruction, Greater Servant of Makhleb


You were on level 3 of the Spider Nest.
You worshipped Makhleb.
Makhleb was exalted by your worship.
You were a tree.
You visited 5 branches of the dungeon, and saw 27 of its levels.
You visited 1 bazaar.
You also visited: Bailey and Gauntlet.

You collected 2795 gold pieces.
You spent 894 gold pieces at shops.

Inventory:

Hand Weapons
 b - the +7 whip of Ygir Iwe (weapon) {flame, rElec rC+}
   (You found it on level 1 of the Orcish Mines)

   rC+:       It protects you from cold.
   rElec:     It insulates you from electricity.
Missiles
 e - 31 poisoned darts
 r - 5 silver javelins
 u - 14 atropa-tipped darts
 C - a throwing net
 J - 34 boomerangs
 K - 5 curare-tipped darts
 L - 4 datura-tipped darts
Armour
 l - a +0 helmet (melded)
 o - the +4 pair of gloves of the Apprentice (melded) {rPois rF+ rN+ Str+3}
   (You bought it in a shop in a bazaar)

   Str+3:     It affects your strength (+3).
   rF+:       It protects you from fire.
   rPois:     It protects you from poison rN+: It protects you from negative
   energy.
 q - a +1 cloak of willpower (melded)
 Q - the +1 robe of Vines (melded) {NoPotionHeal Regen++++}
   (You found it on level 2 of the Lair of Beasts)

   NoPotionHeal: Its wearer cannot be healed by potions.
   Regen++++: It increases your rate of health regeneration.
 R - a +0 kite shield of protection (worn)
Magical Staves
 a - the staff "Geyschu" {rF+ rC+ rCorr Necro Fire Ice}
   (You found it on level 1 of the Lair of Beasts)

   [staff of fire]

   Base accuracy: +5 Base damage: 5 Base attack delay: 1.2 This weapon's minimum
   attack delay (0.6) is reached at skill level 12.
   rF+:       It protects you from fire.
   rC+:       It protects you from cold.
   rCorr:     It protects you from acid and corrosion.
   Necro:     It increases the power of your Necromancy spells.
   Fire:      It increases the power of your Fire spells.
   Ice:       It increases the power of your Ice spells.
   It falls into the 'Staves' category.
   It is a one-handed weapon.
Jewellery
 p - a +6 ring of dexterity
 V - a +6 ring of strength (left branch)
 W - the ring "Obesh" {Ice Dex+4}
   (You found it in a Gauntlet)

   [ring of ice]

   Ice:       It enhances your ice magic.
   Dex+4:     It affects your dexterity (+4).
   rF-:       It makes you vulnerable to fire.
   rC+:       It protects you from cold.
 X - a ring of see invisible (right branch)
Wands
 s - a wand of mindburst (4)
 t - a wand of digging (2)
 H - a wand of light (8)
 T - a wand of paralysis (15)
 U - a wand of roots (13)
Scrolls
 c - 7 scrolls of teleportation
 g - 6 scrolls of poison
 i - 6 scrolls of vulnerability
 k - 6 scrolls of immolation
 n - a scroll of torment
 w - a scroll of fear
 y - 2 scrolls of identify
 B - 5 scrolls of fog
 M - 5 scrolls of blinking
 N - a scroll of amnesia {unknown}
Potions
 d - 5 potions of mutation
 f - 3 potions of attraction
 h - 3 potions of might {unknown}
 j - 3 potions of lignification
 m - 18 potions of curing
 v - 3 potions of cancellation
 x - a potion of enlightenment
 z - 2 potions of resistance
 A - 4 potions of haste
 E - 2 potions of brilliance
 F - 5 potions of heal wounds
 G - 5 potions of berserk rage
 I - 2 potions of ambrosia
 Z - a potion of invisibility
Miscellaneous
 P - a lightning rod (4/4)


   Skills:
 - Level 9.0 Fighting
 + Level 4.3 Throwing
 - Level 9.0 Armour
 - Level 12.0 Dodging
 - Level 1.5 Stealth
 - Level 12.0 Shields
 - Level 15.0 Spellcasting
 - Level 15.0 Conjurations
 - Level 15.0 Hexes
 - Level 15.0 Summonings
 - Level 15.0 Necromancy
 - Level 15.0 Translocations
 - Level 15.0 Fire Magic
 - Level 15.0 Ice Magic
 - Level 15.0 Air Magic
 - Level 15.0 Earth Magic
 - Level 15.0 Alchemy
 - Level 8.0 Evocations
 - Level 10.0 Shapeshifting


You knew the following spells:

 Your Spells              Type           Power      Damage    Failure   Level
a - Sting                 Conj/Alch      100%       1d9       0%          1
b - Bombard               Conj/Erth      34%        9d6       2%          6
c - Death Channel         Necr           34%        N/A       2%          6
d - Magic Dart            Conj           100%       1d8       0%          1
f - Fulminant Prism       Conj/Alch      34%        3d15      1%          4
h - Hailstorm             Conj/Ice       68%        3d12      1%          3
l - Lee's Rapid Deconstr  Erth           34%        3d17*     1%          5
m - Iskenderun's Mystic   Conj/Tloc      68%        2d14      1%          4
o - Ozocubu's Armour      Ice            68%        N/A       1%          3
q - Blink                 Tloc           100%       N/A       1%          2
r - Searing Ray           Conj           100%       2d8       1%          2
u - Yara's Violent Unrav  Hex/Alch       34%        3d14      1%          5
Your spell library was empty.

Dungeon Overview and Level Annotations

Branches:
Dungeon (15/15)            Temple (1/1) D:5            Lair (5/5) D:8
 Spider (4/4) Lair:2        Slime (0/5) Lair:4          Orc (2/2) D:11
    Elf (0/3) Orc:2        Vaults (0/5) D:14         Depths (0/4) D:15
 Bailey (visited)         Gauntlet (visited)
  Swamp: Lair:2-3    Shoals: Lair:2-3

Altars:
Ashenzari
Cheibriados
Dithmenos
Elyvilon
Fedhas
Gozag
Hepliaklqana
Makhleb
Nemelex Xobeh
Okawaru
Qazlal
Ru
Trog
Uskayaw
Wu Jian
Xom
Yredelemnul
Zin
The Shining One
Jiyva

Shops:
D:9 :   D:10 *   D:14 (   D:15 [[   Orc:2 *([:

Portals:
Trove: D:14 (give +4 storm dragon scales)

Annotations:
D:3 Natasha
Spider:4 Asterion, Nikola


Innate Abilities, Weirdness & Mutations

You are a tree.
Your roots penetrate the ground, keeping you stationary.
You cannot be teleported.
You are immune to unholy pain and torment.
Your maximum health is greatly increased.
Your equipment is partially melded.
You are immune to sickness and miasma.
You are immune to poison.
((Your flesh is very heat resistant. (rF++)))
((You are vulnerable to cold. (rC-)))
You float through the air rather than walking.
You learn spells naturally, not from books.
Your magical power is your life essence.
You have superior vitality. (+4 MHP)
You are strong-willed. (Will+)
You are robust. (+10% HP)


Message History

The broodmother is knocked back by the mystic blast.
* * * LOW HITPOINT WARNING * * *
Casting: Iskenderun's Mystic Blast (safe; 1% risk of failure)
Confirm with . or Enter, or press ? or * to list all spells.
You erupt in a blast of force!
The mystic blast hits the broodmother!
The broodmother is severely wounded.
The broodmother is knocked back by the mystic blast.
* * * LOW HITPOINT WARNING * * *
Casting: Iskenderun's Mystic Blast (safe; 1% risk of failure)
Confirm with . or Enter, or press ? or * to list all spells.
You erupt in a blast of force!
The mystic blast hits the broodmother!
The broodmother is severely wounded.
* * * LOW HITPOINT WARNING * * *
Casting: Iskenderun's Mystic Blast (safe; 1% risk of failure)
Confirm with . or Enter, or press ? or * to list all spells.
You erupt in a blast of force!
The mystic blast hits the broodmother!
The broodmother is severely wounded.
The broodmother is knocked back by the mystic blast.
* * * LOW HITPOINT WARNING * * *
Casting: Iskenderun's Mystic Blast (safe; 1% risk of failure)
Confirm with . or Enter, or press ? or * to list all spells.
You erupt in a blast of force!
The mystic blast hits the broodmother.
The broodmother is severely wounded.
* * * LOW HITPOINT WARNING * * *
You block the broodmother's attack. The broodmother bites you!!
* * * LOW HITPOINT WARNING * * *
Casting: Iskenderun's Mystic Blast (safe; 1% risk of failure)
Confirm with . or Enter, or press ? or * to list all spells.
You erupt in a blast of force!
The mystic blast hits the broodmother!!
The broodmother is severely wounded.
The broodmother is knocked back by the mystic blast.
* * * LOW HITPOINT WARNING * * *
You turn into a tree.
Your +1 cloak of willpower melds into your body.
Your +0 helmet melds into your body.
The +4 pair of gloves of the Apprentice {rPois rF+ rN+ Str+3} melds into your body.
The +1 robe of Vines {NoPotionHeal Regen++++} melds into your body.
You feel less strong-willed. The vines fall away from your body!
Your roots penetrate the ground.
The broodmother bites you!!!
You die...

....##.. ##
...#..#..#
###.##..#..##
###.#.....#...#
#......#.....^#
#...†>....^.#
####††.....## #
##.††##s.#.# #.
#....#^.♣..# ^#
######.....# .#
#....##.#†.##^#
#....^..##†#†##
......^..#.†#(# ~≈
.##........####..#
.~##
####............
s..~
#......#.##.#. #~.
#.......... #~


You could see a broodmother (berserk).

Vanquished Creatures
  Rupert (D:15)
  Frances (D:12)
  Kirke (D:12)
  Louise (D:15)
  A ghost moth (Spider:4)
  A broodmother (Spider:2)
  3 orc warlords
  The ghost of geeeeen the Mimic, a journeyman DrSh of Hepliaklqana (Orc:1)
  A very ugly thing (D:15)
  Nessos (D:12)
  A dire elephant (D:15)
  A spark wasp (Spider:3)
  A minotaur (Gauntlet)
  4 ettins
  An entropy weaver (shapeshifter) (D:15)
  A yaktaur captain (D:12)
  Erolcha (D:15)
  A jorogumo (Spider:2)
  An ogre mage (Orc:1)
  A catoblepas (Lair:3)
  2 radroaches
  6 centaur warriors
  9 hydras
  2 death knights
  6 boulder beetles
  14 two-headed ogres
  3 demonic crawlers
  An orc high priest (Orc:2)
  3 tengu warriors
  Sonja (D:10)
  3 skeletal warriors (D:12)
  A sixfirhy (Gauntlet)
  3 pharaoh ants
  4 skysharks
  A sun moth (shapeshifter) (D:14)
  A sun moth (Spider:3)
  3 steelbarb worms
  3 orc knights (Orc:2)
  A deep elf pyromancer (D:15)
  A flayed ghost (D:14)
  A lindwurm (Lair:4)
  A glowing orange brain (Gauntlet)
  11 wolf spiders
  2 phantasmal warriors (D:14)
  15 ugly things
  7 orc sorcerers
  4 cyclopes
  3 manticores
  A moth of wrath (Spider:3)
  5 elephants (Lair:4)
  An oklob plant (Lair:2)
  5 black mambas
  2 torpor snails
  12 cane toads
  A gargoyle (D:12)
  An eye of devastation (Lair:4)
  2 unseen horrors (D:11)
  7 rime drakes
  A yaktaur (shapeshifter) (D:13)
  3 tengu conjurers
  13 komodo dragons
  4 freezing wraiths
  5 polar bears
  4 trolls
  12 blink frogs
  7 hornets
  A hornet (shapeshifter) (D:12)
  16 tarantellas
  Prince Ribbit (D:8)
  A raiju (shapeshifter) (D:14)
  A glass eye (Lair:4)
  11 dream sheep
  4 culicivoras
  Sigmund (D:5)
  10 jumping spiders
  2 shadows (D:12)
  11 slime creatures
  2 water elementals (D:12)
  7 wyverns
  3 wraiths
  A human (D:11)
  12 basilisks
  53 yaks
  13 spriggans (Lair:5)
  5 wargs
  2 hogs (D:12)
  39 redbacks
  2 steam dragons
  6 vampire mosquitoes (D:12)
  Menkaure (D:6)
  A harpy simulacrum (D:14)
  Edmund (D:5)
  4 acid dragons
  Duvessa (D:5)
  A sky beast (D:6)
  11 water moccasins
  34 orc warriors
  4 black bears
  7 ogres
  2 laughing skulls (D:13)
  4 boggarts (Lair:5)
  27 wolves
  7 centaurs
  2 phantoms
  7 kobold brigands
  A spectral warg (Orc:1)
  9 bullfrogs
  3 scorpions
  A gnoll sergeant (D:8)
  3 wights (D:8)
  Dowan (D:5)
  A spectral ogre (Orc:1)
  8 killer bees
  4 howler monkeys
  5 electric eels
  A jelly (D:7)
  3 gnoll boudas
  Crazy Yiuf (D:3)
  20 orc priests
  6 hounds
  8 iguanas
  Natasha (D:3)
  27 orc wizards
  A boggart simulacrum (D:15)
  Robin (D:3)
  20 gnolls
  9 adders
  An ogre simulacrum (Orc:1)
  A shadow imp (D:8)
  A white imp (D:6)
  2 ufetubi (Gauntlet)
  2 orc simulacra (Orc:1)
  3 dart slugs
  A ribbon worm (D:2)
  62 orcs
  12 ball pythons
  10 endoplasms
  3 giant cockroaches
  15 goblins
  7 hobgoblins
  3 jackals (D:1)
  A quokka (D:3)
  6 bats
  3 frilled lizards
  27 kobolds
  2 rats
  4 fulminant prisms
841 creatures vanquished.

Vanquished Creatures (collateral kills)
  A culicivora (Spider:1)
  2 redbacks (Spider:1)
3 creatures vanquished.

Vanquished Creatures (others)
  A tarantella (Spider:4)
  217 fulminant prisms
218 creatures vanquished.

Grand Total: 1062 creatures vanquished

Notes
Turn   | Place    | Note
-------+----------+-------------------------------------------
     0 | D:1      | bonscott the Djinni Conjurer began the quest for the Orb.
     0 | D:1      | bonscott set off with the following spells memorised: Magic
                  | Dart, Searing Ray, Fulminant Prism, Iskenderun's Mystic
                  | Blast.
     0 | D:1      | Reached XP level 1. HP: 15/15 MP: 0/0
   189 | D:1      | Reached XP level 2. HP: 18/21 MP: 0/0
   450 | D:1      | HP: 1/21 [jackal (2)]
   451 | D:1      | Gained mutation: You are robust. (+10% HP) [potion of
                  | mutation]
   451 | D:1      | Gained mutation: You are strong-willed. (Will+) [potion of
                  | mutation]
   695 | D:1      | Reached XP level 3. HP: 26/27 MP: 0/0
   695 | D:1      | Learned a level 1 spell: Sting
  1373 | D:2      | Reached XP level 4. HP: 31/34 MP: 0/0
  1483 | D:3      | Noticed Robin
  1571 | D:3      | Killed Robin
  1713 | D:3      | Reached XP level 5. HP: 36/38 MP: 0/0
  1713 | D:3      | Learned a level 2 spell: Blink
  1721 | D:3      | Noticed a phantom
  1734 | D:3      | Killed a phantom
  1735 | D:3      | Reached skill level 5 in Spellcasting
  1735 | D:3      | Reached skill level 5 in Conjurations
  1735 | D:3      | Reached skill level 5 in Hexes
  1735 | D:3      | Reached skill level 5 in Summonings
  1735 | D:3      | Reached skill level 5 in Necromancy
  1735 | D:3      | Reached skill level 5 in Translocations
  1735 | D:3      | Reached skill level 5 in Fire Magic
  1735 | D:3      | Reached skill level 5 in Ice Magic
  1735 | D:3      | Reached skill level 5 in Air Magic
  1735 | D:3      | Reached skill level 5 in Earth Magic
  1735 | D:3      | Reached skill level 5 in Alchemy
  1997 | D:3      | Found a runed translucent door.
  1998 | D:3      | Noticed Crazy Yiuf
  2004 | D:3      | Killed Crazy Yiuf
  2005 | D:3      | Reached XP level 6. HP: 40/44 MP: 0/0
  2126 | D:3      | Noticed Natasha
  2140 | D:3      | Killed Natasha
  2197 | D:3      | Found a basalt altar of Yredelemnul.
  2293 | D:3      | Noticed Natasha
  2487 | D:4      | Reached skill level 1 in Armour
  2851 | D:4      | Reached XP level 7. HP: 37/49 MP: 0/0
  2851 | D:4      | Learned a level 3 spell: Hailstorm
  3167 | D:5      | Entered Level 5 of the Dungeon
  3273 | D:5      | Noticed Edmund
  3360 | D:5      | Noticed a water moccasin
  3365 | D:5      | Killed a water moccasin
  3387 | D:5      | Reached skill level 1 in Fighting
  3470 | D:5      | Noticed Duvessa
  3470 | D:5      | Noticed Dowan
  3521 | D:5      | Killed Edmund
  3522 | D:5      | Reached XP level 8. HP: 24/61 MP: 0/0
  3660 | D:5      | Killed Duvessa
  3665 | D:5      | Killed Dowan
  3666 | D:5      | Reached skill level 1 in Evocations
  3782 | D:5      | Found a staircase to the Ecumenical Temple.
  3793 | Temple   | Entered the Ecumenical Temple
  3821 | Temple   | Became a worshipper of Makhleb the Destroyer
  3850 | D:5      | Noticed Sigmund
  3880 | D:5      | Killed Sigmund
  4098 | D:5      | Found a hazy altar of Hepliaklqana.
  4643 | D:6      | Reached XP level 9. HP: 61/68 MP: 0/0
  4643 | D:6      | Learned a level 3 spell: Ozocubu's Armour
  4854 | D:6      | Noticed Menkaure
  4859 | D:6      | Killed Menkaure
  5326 | D:6      | Reached * piety under Makhleb
  5449 | D:6      | Reached skill level 1 in Throwing
  5664 | D:6      | Found a broken altar of Ashenzari.
  5664 | D:6      | Found an iron altar of Okawaru.
  5688 | D:6      | Found a shimmering altar of Xom.
  5853 | D:7      | Found an ornate altar of the Wu Jian Council.
  6168 | D:7      | Found a sparkling altar of Nemelex Xobeh.
  6309 | D:7      | Found a flagged portal.
  6320 | D:7      | Reached XP level 10. HP: 64/73 MP: 0/0
  6336 | Bailey   | Entered a bailey
  6358 | Bailey   | Reached ** piety under Makhleb
  6673 | Bailey   | Found an iron altar of Okawaru.
  6679 | Bailey   | Identified the +4 chain mail of Tartarus {rElec}
  7159 | D:8      | Noticed Prince Ribbit
  7167 | D:8      | Killed Prince Ribbit
  7289 | D:8      | Found a staircase to the Lair.
  7290 | D:8      | Noticed a komodo dragon
  7323 | D:8      | Killed a komodo dragon
  7324 | D:8      | Reached skill level 10 in Spellcasting
  7324 | D:8      | Reached skill level 10 in Conjurations
  7324 | D:8      | Reached skill level 10 in Hexes
  7324 | D:8      | Reached skill level 10 in Summonings
  7324 | D:8      | Reached skill level 10 in Necromancy
  7324 | D:8      | Reached skill level 10 in Translocations
  7324 | D:8      | Reached skill level 10 in Fire Magic
  7324 | D:8      | Reached skill level 10 in Ice Magic
  7324 | D:8      | Reached skill level 10 in Air Magic
  7324 | D:8      | Reached skill level 10 in Earth Magic
  7324 | D:8      | Reached skill level 10 in Alchemy
  7384 | Lair:1   | Entered Level 1 of the Lair of Beasts
  7391 | Lair:1   | Reached skill level 5 in Dodging
  7488 | Lair:1   | Reached XP level 11. HP: 64/80 MP: 0/0
  7488 | Lair:1   | Learned a level 5 spell: Yara's Violent Unravelling
  7853 | Lair:2   | Noticed an oklob plant
  8133 | Lair:3   | Noticed a skyshark
  8147 | Lair:3   | Killed a skyshark
  8147 | Lair:3   | Reached *** piety under Makhleb
  8656 | Lair:4   | Noticed an elephant
  8664 | Lair:3   | Reached XP level 12. HP: 77/85 MP: 0/0
  8711 | Lair:4   | Noticed a six-headed hydra
  8718 | Lair:4   | Killed a six-headed hydra
  8719 | Lair:4   | Reached skill level 5 in Shields
  8736 | Lair:5   | Entered Level 5 of the Lair of Beasts
  8979 | Lair:5   | Noticed a skyshark
  8993 | Lair:5   | Killed a skyshark
  9151 | Lair:5   | Noticed a seven-headed hydra
  9213 | Lair:5   | Killed a seven-headed hydra
  9271 | Lair:5   | Noticed a five-headed hydra
  9402 | Lair:5   | Killed a five-headed hydra
  9946 | Lair:5   | Reached skill level 1 in Shapeshifting
 10212 | Lair:5   | Noticed a six-headed hydra
 10230 | Lair:5   | Killed a six-headed hydra
 10329 | Lair:5   | Reached XP level 13. HP: 81/91 MP: 0/0
 10329 | Lair:5   | Learned a level 5 spell: Lee's Rapid Deconstruction
 10373 | Lair:5   | Reached **** piety under Makhleb
 10697 | Lair:5   | Reached skill level 5 in Shapeshifting
 11102 | Lair:5   | Noticed a six-headed hydra
 11931 | Lair:4   | Reached ***** piety under Makhleb
 11939 | Lair:4   | Found a viscous altar of Jiyva.
 11939 | Lair:4   | Found a staircase to the Slime Pits.
 12068 | Lair:4   | HP: 6/136 [elephant (2)]
 12650 | Lair:4   | Reached XP level 14. HP: 70/97 MP: 0/0
 13119 | Lair:4   | Reached skill level 10 in Shapeshifting
 14233 | Lair:3   | Identified the +1 quarterstaff of the Special Coins
                  | {freeze, Will+ Int+3}
 14830 | Lair:2   | Found a hazy altar of Hepliaklqana.
 15371 | Lair:2   | Found a hole to the Spider Nest.
 15424 | Lair:2   | Reached skill level 5 in Fighting
 15520 | Lair:2   | Found the +1 robe of Vines {NoPotionHeal Regen++++}
 15944 | Lair:1   | Identified the staff "Geyschu" {rF+ rC+ rCorr Necro Fire
                  | Ice}
 16673 | D:9      | Found Zeol's Book Emporium.
 16737 | D:10     | Entered Level 10 of the Dungeon
 16737 | D:10     | Found Deavyuts's General Store.
 16740 | D:10     | Noticed Sonja
 16741 | D:10     | Killed Sonja
 16762 | D:10     | Found a shadowy altar of Dithmenos.
 16795 | D:10     | Bought a scroll of teleportation for 42 gold pieces
 16795 | D:10     | Bought a scroll of identify for 28 gold pieces
 16880 | D:10     | Found an opulent altar of Gozag.
 17074 | D:11     | Reached XP level 15. HP: 83/114 MP: 0/0
 17074 | D:11     | Learned a level 6 spell: Bombard
 17339 | D:13     | Noticed Erolcha
 17572 | D:13     | Reached skill level 10 in Dodging
 17633 | D:13     | You are sucked into a shaft and drop 2 floors!
 17633 | D:15     | Entered Level 15 of the Dungeon
 17642 | D:15     | Identified the +7 dagger "Hellblazer" {drain, rPois}
 17882 | D:15     | Found a snail-covered altar of Cheibriados.
 17884 | D:15     | Found Cheibriados's Comfort Zone.
 17924 | D:15     | Noticed a red very ugly thing
 17925 | D:15     | Found a staircase to the Depths.
 17929 | D:15     | Got a smoky gem with 345 turns to spare
 17969 | D:15     | Killed Erolcha
 18080 | D:14     | Reached ****** piety under Makhleb
 18135 | D:14     | Found a gate leading to a gauntlet.
 18143 | Gauntlet | Entered a Gauntlet
 18143 | Gauntlet | Found a transporter.
 18143 | Gauntlet | Found a transporter.
 18147 | Gauntlet | Found a transporter.
 18147 | Gauntlet | Found a transporter.
 18149 | Gauntlet | Found a large runed translucent door.
 18150 | Gauntlet | Found a large runed translucent door.
 18151 | Gauntlet | Found a large runed translucent door.
 18151 | Gauntlet | Found a large runed translucent door.
 18151 | Gauntlet | Found a runed translucent door.
 18152 | Gauntlet | Found a large runed translucent door.
 18152 | Gauntlet | Found a runed translucent door.
 18153 | Gauntlet | Found a large runed translucent door.
 18154 | Gauntlet | Found a large runed translucent door.
 18154 | Gauntlet | Found a large runed translucent door.
 18155 | Gauntlet | Found a runed translucent gate.
 18155 | Gauntlet | Found a runed translucent gate.
 18157 | Gauntlet | Found a transporter.
 18158 | Gauntlet | Found a transporter.
 18167 | Gauntlet | Found a transporter.
 18167 | Gauntlet | Found a transporter.
 18167 | Gauntlet | Found a runed translucent gate.
 18169 | Gauntlet | Noticed a cacodemon
 18191 | Gauntlet | Found a large runed translucent door.
 18192 | Gauntlet | Found a large runed translucent door.
 18194 | Gauntlet | Found a transporter.
 18205 | Gauntlet | Found a large runed translucent door.
 18206 | Gauntlet | Found a large runed translucent door.
 18237 | Gauntlet | Found a transporter.
 18252 | Gauntlet | Found a transporter.
 18254 | Gauntlet | Found a large runed translucent door.
 18255 | Gauntlet | Found a large runed translucent door.
 18256 | Gauntlet | Found a large runed translucent door.
 18256 | Gauntlet | Found a large runed translucent door.
 18273 | Gauntlet | Found a transporter.
 18367 | Gauntlet | Found a transporter.
 18382 | Gauntlet | Found a transporter.
 18398 | Gauntlet | Found a transporter.
 18413 | Gauntlet | Found a transporter.
 18519 | Gauntlet | Identified the +2 cloak of Past Mistakes {Harm rF+}
 18594 | Gauntlet | Identified the ring "Obesh" {Ice Dex+4}
 18799 | Gauntlet | Identified the +1 spear of Arrival {antimagic, Dex+4}
 18799 | Gauntlet | Identified the +5 falchion "Xior Bic" {drain, rF+ rCorr
                  | Str+3}
 18956 | D:14     | Identified the +4 morningstar "Oxukk" {flame, rPois Stlth+}
 18959 | D:14     | Found Nayluri's Antique Weapon Shoppe.
 19559 | D:14     | Found a portal to a secret trove of treasure.
 19634 | D:14     | Found a gate to the Vaults.
 20582 | D:11     | Found a staircase to the Orcish Mines.
 20969 | D:12     | Reached XP level 16. HP: 122/123 MP: 0/0
 20973 | D:12     | Reached skill level 5 in Armour
 21253 | D:12     | Noticed Frances
 21263 | D:12     | Killed Frances
 21276 | D:12     | Noticed Nessos
 21290 | D:12     | Killed Nessos
 21454 | D:12     | Noticed Kirke
 21472 | D:12     | Killed Kirke
 22077 | D:15     | Reached skill level 5 in Evocations
 22109 | D:15     | Found Rairioff's Armour Shoppe.
 22171 | D:15     | Noticed Louise
 22185 | D:15     | Killed Louise
 22260 | D:15     | Noticed Rupert
 22280 | D:15     | Killed Rupert
 22584 | Orc:1    | Entered Level 1 of the Orcish Mines
 22712 | Orc:2    | Entered Level 2 of the Orcish Mines
 22992 | Orc:2    | Reached XP level 17. HP: 127/127 MP: 0/0
 22992 | Orc:2    | Learned a level 6 spell: Death Channel
 23062 | Orc:2    | Found a flickering gateway to a bazaar.
 23106 | Bazaar   | Entered a bazaar
 23113 | Bazaar   | Found Nacobb's Antique Armour Shop.
 23127 | Bazaar   | Found Idghiutym's Assorted Antiques.
 23143 | Bazaar   | Found Oqutradoxi's Assorted Antiques.
 23157 | Bazaar   | Found Agrap's Antique Weapon Boutique.
 23171 | Bazaar   | Found Hifu's Book Shop.
 23185 | Bazaar   | Found Sootzi's Antique Armour Boutique.
 23199 | Bazaar   | Found Mujeun's Assorted Antiques.
 23283 | Bazaar   | Bought a ruby potion for 19 gold pieces
 23283 | Bazaar   | Bought a ruby potion for 19 gold pieces
 23297 | Bazaar   | Bought a ruby potion for 30 gold pieces
 23347 | Bazaar   | Bought a pair of distressingly furry gloves for 209 gold
                  | pieces
 23347 | Bazaar   | Identified the +4 pair of gloves of the Apprentice {rPois
                  | rF+ rN+ Str+3} (You bought it in a shop in a bazaar)
 23382 | Bazaar   | Bought an ichor-stained trident for 212 gold pieces
 23382 | Bazaar   | Identified the +4 trident of Wu Jian's Favour {flame, rC+}
                  | (You bought it in a shop in a bazaar)
 23396 | Bazaar   | Bought a potion of curing for 66 gold pieces
 23396 | Bazaar   | Bought a potion of curing for 66 gold pieces
 23511 | Orc:2    | Found Tiucax's Antique Weapon Shop.
 23527 | Orc:2    | Found Anaatare's Book Shop.
 23542 | Orc:2    | Found Hiafec's Antique Armour Shop.
 23559 | Orc:2    | Found Kauvvu Jefu's General Store.
 23821 | Orc:2    | Found a staircase to the Elven Halls.
 24005 | Orc:1    | Found a runed translucent gate.
 24006 | Orc:1    | Found a runed translucent gate.
 24007 | Orc:1    | Found a runed translucent gate.
 24014 | Orc:1    | Noticed geeeeen's ghost (journeyman DrSh)
 24078 | Orc:1    | Killed geeeeen's ghost
 24087 | Orc:1    | Identified the +7 whip of Ygir Iwe {flame, rElec rC+}
 24367 | Orc:2    | Bought a glowing hat for 203 gold pieces
 24555 | Spider:1 | Entered Level 1 of the Spider Nest
 24646 | Spider:1 | Reached skill level 15 in Spellcasting
 24646 | Spider:1 | Reached skill level 15 in Conjurations
 24646 | Spider:1 | Reached skill level 15 in Hexes
 24646 | Spider:1 | Reached skill level 15 in Summonings
 24646 | Spider:1 | Reached skill level 15 in Necromancy
 24646 | Spider:1 | Reached skill level 15 in Translocations
 24646 | Spider:1 | Reached skill level 15 in Fire Magic
 24646 | Spider:1 | Reached skill level 15 in Ice Magic
 24646 | Spider:1 | Reached skill level 15 in Air Magic
 24646 | Spider:1 | Reached skill level 15 in Earth Magic
 24646 | Spider:1 | Reached skill level 15 in Alchemy
 24936 | Spider:2 | Reached skill level 10 in Shields
 25149 | Spider:4 | Entered Level 4 of the Spider Nest
 25161 | Spider:4 | Noticed Asterion
 25231 | Spider:4 | Noticed Nikola
 25286 | Spider:3 | Annihilated by a broodmother

Illustrated notes

Levels and vault maps discovered:
D:1:      mrwooster_arrival_statue_2, layout_basic
D:2:      layout_basic
D:3:      layout_basic, yredelemnul_altar_generic, st_stairs_5, minivault_24,
          uniq_crazy_yiuf_cottage, uniq_robin, uniq_natasha
D:4:      layout_layer_cave
D:5:      layout_basic, nzn_hepliaklqana_mist_gate, minmay_temple_entry_hall,
          moated_statue, uniq_duvessa, uniq_edmund, uniq_sigmund, uniq_ijyb
D:6:      layout_loops_ring, grunt_temple_overflow_open, lemuel_round_altar,
          kennysheep_pointless_box, minmay_manual_mail, uniq_menkaure
D:7:      layout_loops_ring, mainiacjoe_overflow_alcove_1,
          nemelex_diamond_rough_becter, enter_bailey_5
D:8:      layout_cave_pools, vehumet_crystals, david_lair_shrubbed,
          uniq_prince_ribbit1
D:9:      layout_basic, serial_shops, shop
D:10:     layout_cave_pools, nicolae_dithmenos_shadow_blocks,
          mainiacjoe_overflow_boulevard, serial_shops, nicolae_square_shop,
          uniq_sonja
D:11:     layout_long_grid, erik_orc_4
D:12:     thingy_vault, layout_rooms, serial_bayou, serial_bayou_pond_c,
          serial_bayou_pond_a, serial_bayou_pond_c, serial_bayou_pond_a,
          serial_bayou_ford_a, uniq_frances, uniq_nessos, uniq_kirke
D:13:     layout_cave_pools, uniq_erolcha
D:14:     layout_long_grid, hellmonk_vaults_attempted_burglary, serial_shops,
          nicolae_shop_dealshenge, enter_trove_0, kennysheep_crisscross,
          gauntlet_entry_generic
D:15:     hangedman_depths_entry_try_elsewhere_first, layout_gridville,
          dreamdust_mushroom_princess, serial_shops,
          nicolae_shop_pleasant_corner_grove, minmay_shop_chei,
          grunt_decor_mini_mirrors, uniq_louise, uniq_rupert
Temple:   nicolae_temple_bog_church
Lair:1:   layout_chaotic_city
Lair:2:   layout_big_grid, spider_nest_entry_rubble, basic_altar,
          nicolae_quartered_pool_super, hellmonk_guarded_unrand_vines,
          grunt_megastairs_4, serial_bayou_shore_b
Lair:3:   lemuel_slime, layout_hall_layers, minmay_shoals_entry_hut
Lair:4:   statuecave_lemuel, layout_cave_pods, minmay_slime_entry_eyes,
          beast_lair_carwin_2
Lair:5:   minmay_lair_end_enchanted_forest, layout_regular_city,
          nicolae_volcano_entry_hallway
Spider:1: layout_spider_delve, nicolae_spider_checkerboard,
          hangedman_spider_tarantella_strand
Spider:2: layout_spider_delve, uniq_arachne
Spider:3: mumra_spider_spiderweb, nicolae_spider_altar_of_dancing
Spider:4: grunt_spider_rune_circles, nicolae_orb_island, uniq_agnes,
          uniq_asterion, uniq_nikola, uniq_aizul
Orc:1:    layout_caves, gammafunk_ghost_necromancy
Orc:2:    grunt_orc_cross, layout_caves, serial_shops, freezing_bzr

Skill      XL: |  1  2  3  4  5  6  7  8  9 10 11 12 13 14 15 16 17 |
---------------+----------------------------------------------------+-----
Spellcasting   | 4 5 6 8 10 11 12 13 14 15 | 15.0
Conjurations   | 4 5 6 8 10 11 12 13 14 15 | 15.0
Hexes          | 4 5 6 8 10 11 12 13 14 15 | 15.0
Summonings     | 4 5 6 8 10 11 12 13 14 15 | 15.0
Necromancy     | 4 5 6 8 10 11 12 13 14 15 | 15.0
Translocations | 4 5 6 8 10 11 12 13 14 15 | 15.0
Fire Magic     | 4 5 6 8 10 11 12 13 14 15 | 15.0
Ice Magic      | 4 5 6 8 10 11 12 13 14 15 | 15.0
Air Magic      | 4 5 6 8 10 11 12 13 14 15 | 15.0
Earth Magic    | 4 5 6 8 10 11 12 13 14 15 | 15.0
Alchemy        | 4 5 6 8 10 11 12 13 14 15 | 15.0
Armour         | 2 4 9 |  9.0
Fighting       | 3 4 8 9 |  9.0
Evocations     | 4 8 |  8.0
Throwing       | 4 |  4.3
Dodging        | 6 9 12 | 12.0
Shields        | 4 8 12 | 12.0
Shapeshifting  | 3 9 10 | 10.0
Stealth        | |  1.5

Action                     |  1- 3 |  4- 6 |  7- 9 | 10-12 | 13-15 | 16-18 || total
---------------------------+-------+-------+-------+-------+-------+-------++-------
  Melee: Short sword       |     2 |       |       |       |       |       ||     2
         Whip              |       |       |       |       |     5 |       ||     5
         Staff             |       |       |       |       |     1 |     4 ||     5
  Throw: Dart              |       |     2 |    19 |    40 |    18 |     6 ||    85
         Boomerang         |       |       |       |       |     2 |     1 ||     3
   Cast: Magic Dart        |    69 |    81 |    69 |    63 |    74 |    48 ||   404
         Searing Ray       |     2 |    13 |    36 |    31 |    47 |     6 ||   135
         Fulminant Prism   |       |       |    19 |    35 |    50 |   117 ||   221
         Iskenderun's Myst |       |       |    32 |   176 |   376 |   271 ||   855
         Hailstorm         |       |       |       |     3 |    10 |       ||    13
         Ozocubu's Armour  |       |       |       |     1 |     1 |     2 ||     4
         Lee's Rapid Decon |       |       |       |       |   198 |   116 ||   314
         Yara's Violent Un |       |       |       |       |     1 |       ||     1
         Bombard           |       |       |       |       |       |    11 ||    11
         Death Channel     |       |       |       |       |       |     1 ||     1
Ability: Begin Untransform |       |       |       |       |     1 |       ||     1
  Evoke: Wand              |       |       |     5 |     3 |     7 |    17 ||    32
         Lightning rod     |       |       |       |     3 |     1 |       ||     4
    Use: Potion            |     1 |       |       |     1 |    12 |     3 ||    17
         Scroll            |       |     5 |     4 |     7 |    12 |     2 ||    30
   Stab: Sleeping          |     1 |       |       |       |       |       ||     1
 Armour: Robe              |    20 |    12 |    27 |     6 |    58 |   121 ||   244
         Ring mail         |       |       |       |    39 |    33 |       ||    72
         Skin              |       |       |       |     6 |    40 |     1 ||    47
  Dodge: Dodged            |    13 |    10 |    27 |    41 |    66 |    81 ||   238
  Block: Buckler           |       |       |       |       |    14 |       ||    14
         Kite shield       |       |       |       |       |    18 |    81 ||    99
   Form: Serpent           |       |       |       |       |     1 |       ||     1
